 Dungeon Crawl Stone Soup version 0.21-a0-507-ga8f6b7a (webtiles) character file.

25215 tof the Severer (level 12, -4/168 HPs)
             Began as a Minotaur Berserker on Nov 27, 2017.
             Was a High Priest of Trog.
             Slain by a 15-headed hydra (10 damage)
             ... on level 2 of the Lair of Beasts.
             The game lasted 00:25:39 (11921 turns).

tof the Severer (Minotaur Berserker)               Turns: 11921, Time: 00:25:40

Health: -4/168     AC: 12    Str: 28    XL:     12   Next: 87%
Magic:  11/11      EV: 17    Int:  9    God:    Trog [*****.]
Gold:   1701       SH:  8    Dex: 14    Spells: 11/11 levels left

rFire    . . .     SeeInvis .   a - +2 war axe (chop)
rCold    + . .     Gourm    .   E - +3 buckler "Burixkua" {*Contam rN+ Regen+ Int+5}
rNeg     + . .     Faith    .   I - +3 scale mail {rC+}
rPois    +         Spirit   .   (helmet restricted)
rElec    .         Reflect  .   (no cloak)
rCorr    .         Harm     .   (no gloves)
MR       +....                  (no boots)
Stlth    ..........             (no amulet)
HPRegen  0.78/turn              Q - ring of protection from magic
MPRegen  0.12/turn              x - ring of poison resistance

@: berserking, very quick
A: retaliatory headbutt, horns 2
a: Berserk, Trog's Hand, Brothers in Arms, Burn Spellbooks, Renounce Religion


You were on level 2 of the Lair of Beasts.
You worshipped Trog.
Trog was extremely pleased with you.
You were near starving.

You visited 2 branches of the dungeon, and saw 13 of its levels.
You also visited: Sewer and Bailey.

You collected 1701 gold pieces.

Inventory:

Hand Weapons
 a - a +2 war axe of chopping (weapon)
Missiles
 h - 6 tomahawks
 u - 21 tomahawks of returning (quivered)
 N - 3 javelins
Armour
 E - the +3 buckler "Burixkua" (worn) {*Contam rN+ Regen+ Int+5}
   (You took it off a kobold in a bailey)

   It affects your intelligence (+5).
   It protects you from negative energy.
   It causes magical contamination when unequipped.
   It increases your rate of regeneration.
 I - a +3 scale mail of cold resistance (worn)
Jewellery
 x - a ring of poison resistance (right hand)
 B - an uncursed ring of see invisible
 D - an uncursed ring of flight
 Q - a ring of protection from magic (left hand)
Wands
 F - a wand of iceblast (3)
 H - a wand of flame (35)
 O - a wand of acid (9)
 S - a wand of scattershot (6)
Scrolls
 d - 2 scrolls of remove curse
 e - a scroll of immolation
 j - 6 scrolls of enchant armour
 k - 2 scrolls of blinking
 q - 4 scrolls of teleportation
 y - a scroll of random uselessness {unknown}
 C - 4 scrolls of noise
 G - 2 scrolls of enchant weapon
 J - a scroll of amnesia {unknown}
 K - a scroll of summoning {unknown}
 M - a scroll of identify
 P - a scroll of fog {unknown}
Potions
 b - 2 potions of invisibility {unknown}
 f - 5 potions of lignification
 g - 2 potions of degeneration {unknown}
 l - 8 potions of heal wounds {unknown}
 n - a potion of cancellation {unknown}
 o - a potion of resistance {unknown}
 p - 2 potions of flight
 r - a potion of berserk rage {unknown}
 t - 4 potions of curing
 v - 5 potions of brilliance {unknown}
 w - 3 potions of might
 z - a potion of magic
 L - a potion of agility
Miscellaneous
 A - a box of beasts
Comestibles
 c - 9 bread rations
 i - 7 royal jellies
 m - 8 fruits
 s - 8 meat rations


   Skills:
 + Level 12.0 Fighting
 * Level 15.8 Axes
 + Level 11.6 Armour
 + Level 10.8 Dodging
 - Level 4.1 Shields


You had 11 spell levels left.
You didn't know any spells.

Dungeon Overview and Level Annotations

Branches:
Dungeon (11/15)            Temple (0/1) D:7            Lair (2/6) D:11
    Orc (0/2) D:11
  Swamp: Lair:2-4    Shoals: Lair:2-4     Snake: Lair:2-4    Spider: Lair:2-4

Altars:
Ashenzari
Elyvilon
Fedhas
Gozag
Hepliaklqana
Kikubaaqudgha
Sif Muna
Trog
Xom
Yredelemnul
Zin

Shops:
D:6 (

Annotations:
D:11 1 runed door


Innate Abilities, Weirdness & Mutations

You reflexively headbutt those who attack you in melee.
You have a pair of horns on your head.


Message History

* * * LOW HITPOINT WARNING * * *
The 15-headed hydra completely misses you.
The 15-headed hydra closely misses you. The 15-headed hydra barely misses you.
The 15-headed hydra completely misses you.
You block the 15-headed hydra's attack.
The 15-headed hydra bites you but does no damage.
A red film seems to cover your vision as you go berserk!
You feel yourself moving faster!
You feel mighty!
You are near starving!
The 15-headed hydra barely misses you. You block the 15-headed hydra's attack.
The 15-headed hydra misses you.
The 15-headed hydra closely misses you. x2
The 15-headed hydra bites you!
* * * LOW HITPOINT WARNING * * *
The 15-headed hydra misses you.
The 15-headed hydra bites you but does no damage. x2
The 15-headed hydra barely misses you. The 15-headed hydra bites you.
* * * LOW HITPOINT WARNING * * *
The 15-headed hydra misses you. The 15-headed hydra closely misses you.
The 15-headed hydra bites you!
You die...

#.#..## ####..#
#...## #.##.%##
## #...#
###.############
#....#P##.#PP##
##†D.......)(.#
##.@........###
#.#.........#
##..........#
##.........##
##.........##
#..........##
#.#####.....# ##
#....##
##....##<.


You could see a 15-headed hydra.

Vanquished Creatures
  A fire dragon (D:11)
  An ogre mage (D:11)
  A catoblepas (D:11)
  7 two-headed ogres
  Nergalle (D:10)
  A wizard (D:11)
  An unseen horror (D:11)
  Pikel (D:7)
  3 orc knights (Bailey)
  A deep elf mage (D:10)
  A cyclops (D:11)
  A manticore (D:11)
  The ghost of kae the Ruffian, a novice TrMo of Wu Jian (D:8)
  2 centaur skeletons
  A kobold demonologist (D:11)
  2 komodo dragons
  A yaktaur (D:11)
  2 trolls
  4 hippogriffs
  A hornet (D:8)
  A vampire (D:11)
  20 yaks
  3 hungry ghosts
  6 water moccasins
  2 porcupines
  7 orc warriors
  A necrophage (D:10)
  A sky beast (D:7)
  10 ogres
  5 wolves (Lair:1)
  2 crocodiles
  5 centaurs
  Blork the orc (D:6)
  2 big kobolds
  A gnoll sergeant (D:11)
  6 bullfrogs
  A water moccasin zombie (D:8)
  3 scorpions
  22 killer bees
  7 wights
  5 howler monkeys
  3 crimson imps
  2 centaur zombies
  A bullfrog zombie (D:7)
  14 orc priests
  A bullfrog skeleton (D:6)
  7 hounds
  24 orc wizards
  A quasit (D:11)
  2 jellies (D:9)
  3 iguanas
  5 worker ants
  A hound skeleton (D:7)
  5 gnolls
  9 adders
  3 river rats
  3 shadow imps
  An adder zombie (D:5)
  An adder skeleton (D:4)
  A worm (D:2)
  4 dart slugs
  6 leopard geckos
  61 orcs
  A bat zombie (D:2)
  6 giant cockroaches
  11 goblins
  8 hobgoblins
  3 jackals
  22 kobolds
  3 quokkas
  2 ball pythons
  6 bats
  4 frilled lizards
  A leopard gecko skeleton (D:6)
  15 rats
  A rat zombie (D:2)
  A spectral orc (D:7)
387 creatures vanquished.

Vanquished Creatures (collateral kills)
  A worker ant (D:11)
1 creature vanquished.

Grand Total: 388 creatures vanquished

Notes
Turn   | Place    | Note
-------+----------+-------------------------------------------
     0 | D:1      | tof the Minotaur Berserker began the quest for the Orb.
     0 | D:1      | Reached XP level 1. HP: 19/19 MP: 0/0
   148 | D:1      | Reached XP level 2. HP: 27/27 MP: 1/1
   149 | D:1      | Reached skill level 4 in Axes
   652 | D:1      | Reached XP level 3. HP: 27/33 MP: 2/2
   757 | D:1      | Reached ** piety under Trog
  1520 | D:2      | Reached XP level 4. HP: 33/40 MP: 3/3
  1993 | D:2      | Found an ancient bone altar of Kikubaaqudgha.
  2123 | D:3      | Found a bloodstained altar of Trog.
  2403 | D:3      | Reached skill level 5 in Axes
  2541 | D:3      | Found an opulent altar of Gozag.
  2576 | D:3      | Found a shattered altar of Ashenzari.
  2751 | D:4      | Noticed an ogre
  2751 | D:4      | Noticed an ogre
  2751 | D:4      | Noticed an ogre
  2755 | D:4      | Killed an ogre
  2755 | D:4      | Reached XP level 5. HP: 40/47 MP: 4/4
  2757 | D:4      | Killed an ogre
  2757 | D:4      | Reached XP level 6. HP: 42/55 MP: 5/5
  2757 | D:4      | Reached skill level 6 in Axes
  2758 | D:4      | Reached skill level 5 in Fighting
  2919 | D:4      | HP: 2/56 [orc wizard/puff of flame (9)]
  2929 | D:4      | HP: 2/56 [orc wizard/magic dart (12)]
  3188 | D:4      | Reached XP level 7. HP: 24/61 MP: 6/6
  3452 | D:4      | Reached skill level 7 in Axes
  3626 | D:4      | Found a glowing silver altar of Zin.
  3736 | D:5      | Entered Level 5 of the Dungeon
  4133 | D:5      | Reached skill level 5 in Armour
  4361 | D:5      | Reached *** piety under Trog
  4404 | D:5      | Reached XP level 8. HP: 70/70 MP: 7/7
  4484 | D:5      | Reached skill level 8 in Axes
  4484 | D:5      | Reached skill level 5 in Dodging
  4488 | D:5      | Found an opulent altar of Gozag.
  4620 | D:6      | Found a glowing drain.
  4670 | Sewer    | Entered a sewer
  4829 | Sewer    | Found a white marble altar of Elyvilon.
  4944 | D:6      | Found a white marble altar of Elyvilon.
  4976 | D:6      | Reached skill level 9 in Axes
  5018 | D:6      | Noticed Blork the orc
  5024 | D:6      | Killed Blork the orc
  5242 | D:6      | Found Qipytin's Weapon Shop.
  5496 | D:7      | Found a shimmering altar of Xom.
  5499 | D:7      | Reached XP level 9. HP: 79/79 MP: 8/8
  5558 | D:7      | Reached **** piety under Trog
  5561 | D:7      | Found a hazy altar of Hepliaklqana.
  5563 | D:7      | Reached skill level 10 in Axes
  5718 | D:7      | Found a deep blue altar of Sif Muna.
  5951 | D:7      | Found a staircase to the Ecumenical Temple.
  6155 | D:7      | Found a basalt altar of Yredelemnul.
  6201 | D:7      | Noticed Pikel
  6207 | D:7      | Killed Pikel
  6407 | D:7      | Reached skill level 11 in Axes
  6513 | D:8      | Noticed a two-headed ogre
  6518 | D:8      | Killed a two-headed ogre
  6518 | D:8      | Reached XP level 10. HP: 90/90 MP: 9/9
  6634 | D:8      | Noticed kae's ghost (novice TrMo)
  6643 | D:8      | Killed kae's ghost
  7382 | D:9      | Reached skill level 12 in Axes
  7490 | D:9      | Found a flagged portal.
  7506 | Bailey   | Entered a bailey
  7525 | Bailey   | Noticed an orc knight
  7546 | Bailey   | Killed an orc knight
  7717 | Bailey   | Reached ***** piety under Trog
  7742 | Bailey   | Got a faintly glowing buckler
  7758 | Bailey   | Identified the +3 buckler "Burixkua" {*Contam rN+ Regen+ Int+5} (You took it off a kobold in a bailey)
  7771 | Bailey   | Noticed an orc knight
  7771 | Bailey   | Noticed an orc knight
  7780 | Bailey   | Killed an orc knight
  7780 | Bailey   | Reached skill level 1 in Shields
  7783 | Bailey   | Killed an orc knight
  7784 | Bailey   | Found an iron altar of Okawaru.
  8246 | D:9      | Noticed a two-headed ogre
  8257 | D:9      | Killed a two-headed ogre
  8257 | D:9      | Reached XP level 11. HP: 70/99 MP: 10/10
  8451 | D:9      | Found a blossoming altar of Fedhas.
  8475 | D:9      | Reached skill level 13 in Axes
  8670 | D:10     | Entered Level 10 of the Dungeon
  8711 | D:10     | Noticed a deep elf mage
  8727 | D:10     | Killed a deep elf mage
  8732 | D:10     | Reached skill level 10 in Fighting
  8903 | D:10     | Received a gift from Trog
  9129 | D:10     | Noticed a two-headed ogre
  9139 | D:10     | Killed a two-headed ogre
  9152 | D:10     | Noticed a two-headed ogre
  9164 | D:10     | Killed a two-headed ogre
  9448 | D:10     | Noticed a two-headed ogre
  9452 | D:10     | Killed a two-headed ogre
  9452 | D:10     | Reached skill level 10 in Armour
  9501 | D:10     | Noticed Nergalle
  9501 | D:10     | Noticed a two-headed ogre
  9508 | D:10     | Killed a two-headed ogre
  9509 | D:10     | Noticed a spectral orc warlord
  9515 | D:10     | Killed Nergalle
  9515 | D:10     | Reached skill level 14 in Axes
  9684 | D:11     | Noticed an unseen horror
  9721 | D:11     | Killed an unseen horror
  9844 | D:11     | Reached XP level 12. HP: 91/108 MP: 11/11
  9921 | D:11     | Noticed an ogre mage
  9923 | D:11     | Reached skill level 10 in Dodging
  9929 | D:11     | Noticed a two-headed ogre
  9931 | D:11     | Killed an ogre mage
  9931 | D:11     | Received a gift from Trog
  9932 | D:11     | Found a runed door.
  9932 | D:11     | Noticed a fire dragon
  9939 | D:11     | Killed a two-headed ogre
  9944 | D:11     | Killed a fire dragon
  9944 | D:11     | Reached skill level 15 in Axes
  9947 | D:11     | Noticed a catoblepas
  9971 | D:11     | Killed a catoblepas
 10208 | D:11     | Got a fine copper ring
 10232 | D:11     | Identified the ring "Geem" {*Tele SInv} (You took it off a yaktaur on level 11 of the Dungeon)
 10259 | D:11     | Found a staircase to the Lair.
 10730 | D:11     | Found a staircase to the Orcish Mines.
 10945 | Lair:1   | Entered Level 1 of the Lair of Beasts
 11887 | Lair:2   | Noticed a six-headed hydra
 11921 | Lair:2   | HP: 6/168 [15-headed hydra (6)]
 11921 | Lair:2   | Slain by a 15-headed hydra

Vault maps used:
D:1:      onia_arrival_larder
D:2:      lemuel_zombie_altar_kikubaaqudgha
D:3:      nicolae_ashenzari_panopticon, bloody_trog, grunt_gozag_statues
D:4:      overflow_temple_1_default
D:5:      lemuel_coloured_pillars_altar, first_bread
D:6:      lemuel_crystal_altar, portal_sewer_entry_a, serial_shops,
          nicolae_shop_stone, uniq_blork_the_orc
D:7:      yredelemnul_forgotten_temple_becter, kennysheep_mini_moat,
          nicolae_overflow_crystal_walls, temple_hall, basic_altar, st_stairs_3,
          uniq_pikel
D:8:      sigmund_army
D:9:      lemuel_round_altar, enter_bailey_2
D:10:     hangedman_stone_soup, uniq_nergalle
D:11:     minmay_the_grid_triangle_9x9_recursive_3_mashed, lair_entry_dummy,
          david_orc_4
Lair:2:   cheibrodos_lair_overgrown_chateau
Sewer:    sewer_kobolds
Bailey:   bailey_axe_3, bailey

Skill      XL: |  1  2  3  4  5  6  7  8  9 10 11 12 |
---------------+-------------------------------------+-----
Axes           | 4 5 6 7 9 11 12 14 15 | 15.8
Fighting       | 4 5 6 7 8 9 10 12 | 12.0
Armour         | 3 4 5 6 8 9 10 11 | 11.6
Dodging        | 3 4 6 7 8 9 10 | 10.8
Shields        | 2 4 |  4.1

Action                   |  1- 3 |  4- 6 |  7- 9 | 10-12 || total
-------------------------+-------+-------+-------+-------++-------
Melee: Hand axe          |    85 |    33 |       |       ||   118
       Headbutt          |     8 |     9 |    31 |   122 ||   170
       War axe           |       |    27 |   199 |   511 ||   737
Throw: Tomahawk          |       |       |       |    19 ||    19
Invok: Berserk           |       |     2 |     1 |     9 ||    12
       Trog's Hand       |       |     3 |       |     4 ||     7
       Burn Spellbooks   |       |       |       |     2 ||     2
       Brothers in Arms  |       |       |       |     2 ||     2
 Abil: Evoke Flight      |       |       |       |     1 ||     1
  Use: Scroll            |       |     5 |     7 |     7 ||    19
       Potion            |       |       |     1 |       ||     1
 Stab: Sleeping          |     1 |       |     1 |       ||     2
  Eat: Chunk             |     2 |     7 |    12 |    26 ||    47
       Bread ration      |       |       |       |     1 ||     1
Armor: Animal skin       |    12 |    10 |     1 |       ||    23
       Plate armour      |       |       |    81 |    87 ||   168
       Scale mail        |       |       |       |   130 ||   130
Dodge: Dodged            |    51 |    51 |   108 |   402 ||   612
Block: Buckler           |       |       |       |   173 ||   173

Table legend:
 A = Spawn XP
 B = Non-spawn XP
 C = Spawn XP percentage of total XP
 D = Spawn monster count
 E = Non-spawn monster count
 F = Spawn count percentage of total count
 G = Total turns spent on level
                    A         B        C        D         E        F      G
               +---------+---------+-------+---------+---------+-------+---------
         Total |       0 |   36022 |   0.0 |       0 |     388 |   0.0 | 11921
               +---------+---------+-------+---------+---------+-------+---------
           D:1 |       0 |      43 |   0.0 |       0 |      25 |   0.0 |   912
           D:2 |       0 |      64 |   0.0 |       0 |      22 |   0.0 |  1197
           D:3 |       0 |      43 |   0.0 |       0 |      16 |   0.0 |   886
           D:4 |       0 |     845 |   0.0 |       0 |      24 |   0.0 |   741
           D:5 |       0 |     541 |   0.0 |       0 |      15 |   0.0 |   867
           D:6 |       0 |     878 |   0.0 |       0 |      27 |   0.0 |   543
           D:7 |       0 |    2222 |   0.0 |       0 |      25 |   0.0 |  1078
           D:8 |       0 |    2531 |   0.0 |       0 |      31 |   0.0 |   906
           D:9 |       0 |    3216 |   0.0 |       0 |      39 |   0.0 |   835
          D:10 |       0 |    7027 |   0.0 |       0 |      36 |   0.0 |   967
          D:11 |       0 |   11959 |   0.0 |       0 |      75 |   0.0 |  1308
        Lair:1 |       0 |    2769 |   0.0 |       0 |      17 |   0.0 |   839
        Lair:2 |       0 |    1939 |   0.0 |       0 |      10 |   0.0 |   137
         Sewer |       0 |     128 |   0.0 |       0 |      10 |   0.0 |   219
        Bailey |       0 |    1817 |   0.0 |       0 |      16 |   0.0 |   486
               +---------+---------+-------+---------+---------+-------+---------
